 Dungeon Crawl Stone Soup version 0.18.1-50-g88ac8fd (webtiles) character file.

82 Amnesiac the Cutter (level 4, -2/27 HPs)
             Began as a Deep Elf Fighter on Mar 2, 2018.
             Killed by nerve-wracking pain
             ... invoked by Jessica
              (11 damage)
             ... on level 3 of the Dungeon.
             The game lasted 00:02:44 (1486 turns).

Amnesiac the Cutter (Deep Elf Fighter)              Turns: 1486, Time: 00:02:45

Health: -2/27      AC:  8    Str: 14    XL:     4   Next: 21%
Magic:  6/6        EV:  6    Int: 13    God:
Gold:   154        SH:  8    Dex: 14    Spells: 0 memorised, 3 levels left

rFire  . . .     SeeInvis .     a - +0 rapier
rCold  . . .     Gourm    .     n - +0 scale mail
rNeg   . . .     Faith    .     c - +0 shield
rPois  .         Spirit   .     s - +0 helmet
rElec  .         Dismiss  .     m - +0 cloak
rCorr  .         Reflect  .     (no gloves)
SustAt .         Harm     .     (no boots)
MR     .....                    (no amulet)
Stlth  ..........               (no ring)
                                (no ring)

@: not resistant to hostile enchantments, extremely unstealthy
A: no striking features
a: no special abilities


You were on level 3 of the Dungeon.
You were not hungry.

You visited 1 branch of the dungeon, and saw 3 of its levels.

You collected 154 gold pieces.

Inventory:

Hand Weapons
 a - a +0 rapier (weapon)
 b - a +0 hunting sling
Missiles
 o - 12 sling bullets
 q - 6 poisoned needles
Armour
 c - a +0 shield (worn)
 m - a +0 cloak (worn)
 n - a +0 scale mail (worn)
 s - a +0 helmet (worn)
Scrolls
 e - 2 scrolls of blinking {!r, unknown}
 h - a scroll of enchant weapon {!r, unknown}
 i - 3 scrolls of identify {!r, unknown}
 j - 4 scrolls of teleportation {!r, unknown}
 k - a scroll of random uselessness {!r, unknown}
 v - a scroll of fear {!r, unknown}
Potions
 d - 2 potions of might {!q}
 g - 3 potions of curing {!q, unknown}
 l - 2 potions of haste {!q, unknown}
 p - a potion of mutation {!q, unknown}
 r - a potion of heal wounds {!q, unknown}
 u - 2 potions of invisibility {!q, unknown}
 x - a potion of cure mutation {!q, unknown}
Comestibles
 f - 2 bread rations
 w - a meat ration
 z - a beef jerky


   Skills:
 - Level 2.4 Fighting
 + Level 4.5 Short Blades
 - Level 2.4 Armour
 - Level 2.4 Shields


You had 3 spell levels left.
You didn't know any spells.

Dungeon Overview and Level Annotations

Branches:
Dungeon (3/15)

Altars:

Annotations:
D:2 Crazy Yiuf
D:3 Grinder, Jessica


Message History

The hobgoblin is severely wounded.
You block the hobgoblin's attack. x2
You puncture the hobgoblin!
You kill the hobgoblin!
No target in view!
v - a scroll labeled VATAUW SOESAUT {!r} Some of the chunks of flesh in your inventory have rotted away.
Found a leather armour.
You see here a leather armour.
Found a flail.
Found a stone staircase leading up.
w - a meat ration
x - an orange potion {!q}
z - a beef jerky
Found a robe.
Grinder comes into view.
Grinder is nearby!
Found a scroll labeled KIDYNUDE ZOIDI.
Found 7 gold pieces.
Found 3 fruits.
Found a stone staircase leading down.
Found a scroll labeled YQUUDO TAJEI.
All of the chunks of flesh in your inventory have rotted away.
Found a scroll labeled TALETI FEIHEAT.
Jessica the Apprentice Sorceress comes into view.
She is wielding a club.
Jessica shouts!
Grinder gestures at you.
You suddenly lose the ability to move!
Jessica casts a spell.
Jessica blinks!
Found a shiny ring mail.
Jessica casts a spell.
Jessica blinks!
Grinder gestures at you. Pain shoots through your body!
Grinder says, "DUCK!"
You can move again.
Unknown command.
Unknown command.
Grinder gestures at you.
You shrug off the repeated paralysis!
Jessica mumbles some strange words.
Jessica seems to speed up.
You see here a scroll labeled TALETI FEIHEAT {!r}.
Jessica mumbles something strange.
Jessica looks very angry.
Jessica hits you but does no damage. Jessica casts a spell at you.
Pain shoots through your body!
* * * LOW HITPOINT WARNING * * *
Found a bread ration.
Jessica casts a spell at you.
You barely resist.
Found a hunting sling.
Found a spear.
Found 9 gold pieces.
Jessica mumbles something strange.
Grinder blinks!
Grinder blinks!
Jessica points at you and mumbles some strange words.
Pain shoots through your body!
* * * LOW HITPOINT WARNING * * *
Jessica points at you and mumbles some strange words.
Pain shoots through your body!
You die...

..#.#....... #.....
####.#.#####[.# ......) .....
#####..# ....... #.#.###....#.#
.......###########.#......#.#.#
$.....5.......................
..............................
#...............<..........
#.(....§@.@................
#..§################.......
####...#......................
...........?...................
...............................
)..........#############$......
...........# .........#..#
.%.......... ?........#..+
.......[..... .........#..#


You could see Grinder and Jessica.

Vanquished Creatures
  Robin (D:2)
  3 adders (D:2)
  3 dart slugs (D:1)
  2 giant cockroaches
  13 goblins
  3 hobgoblins
  A ball python (D:2)
  7 bats
  4 kobolds
  4 rats (D:1)
41 creatures vanquished.

Notes
Turn   | Place    | Note
--------------------------------------------------------------
     0 | D:1      | Amnesiac the Deep Elf Fighter began the quest for the Orb.
     0 | D:1      | Reached XP level 1. HP: 13/13 MP: 3/3
    98 | D:1      | Reached XP level 2. HP: 13/18 MP: 4/4
   118 | D:1      | Reached skill level 3 in Short Blades
   747 | D:2      | Reached XP level 3. HP: 22/22 MP: 5/5
   844 | D:2      | Reached skill level 4 in Short Blades
   987 | D:2      | Noticed Robin
  1018 | D:2      | Killed Robin
  1018 | D:2      | Reached XP level 4. HP: 24/27 MP: 6/6
  1304 | D:2      | Noticed Crazy Yiuf
  1363 | D:3      | Noticed Terence
  1443 | D:3      | Noticed Grinder
  1466 | D:3      | Noticed Jessica
  1467 | D:3      | Paralysed by Grinder for 6 turns
  1486 | D:3      | Killed from afar by Jessica

Skill      XL: |  1  2  3 |
---------------+----------+-----
Short Blades   | 3 4 |  4.5
Fighting       | |  2.4
Armour         | |  2.4
Shields        | |  2.4

Action                   |  1- 3 |  4- 6 || total
-------------------------+-------+-------++-------
Melee: Rapier            |    89 |    10 ||    99
 Fire: Hunting sling     |    32 |       ||    32
  Eat: Chunk             |       |     2 ||     2
Armor: Scale mail        |    69 |     4 ||    73
Dodge: Dodged            |    18 |     4 ||    22
Block: Shield            |    57 |     7 ||    64
